Map: Blackpink LE

Players

PtitDrogo

  • Race: Protoss Protoss
  • League: Master
  • Spawn Location: 7:00

Zanster - Winner!

  • Race: Zerg Zerg
  • League: Master
  • Spawn Location: 1:00

Event: HomeStory Cup XVI

VOD

Have the link to the VOD?

Description

Time

  • Played on: Nov. 9, 2017, 2:55 p.m.
  • Length: 6:45

All games in this series

Show
View Real Time Build Order
Export as new Build Order

PtitDrogo Protoss 

Build Orders: 1 Gate Expand, Oracle Opening 

Get SALT Encoding   

  12  0:02  Probe (Chrono Boost)  
  14  0:14  Probe (Chrono Boost)  
  14  0:20  Pylon  
  14  0:26  Probe (Chrono Boost)  
  15  0:31  Assimilator  
  15  0:38  Probe (Chrono Boost)  
  16  0:44  Gateway, Probe (Chrono Boost)  
  17  0:54  Probe (Chrono Boost)  
  18  1:06  Probe (Chrono Boost)  
  19  1:20  Nexus  
  19  1:25  Probe (Chrono Boost)  
  20  1:34  Cybernetics Core  
  20  1:39  Probe (Chrono Boost)  
  21  1:42  Assimilator  
  21  1:47  Pylon  
  21  1:52  Probe (Chrono Boost)  
  22  2:03  Probe (Chrono Boost)  
  23  2:10  Probe (Chrono Boost)  
  23  2:12  Stargate  
  23  2:13  Adept  
  26  2:19  Probe (Chrono Boost)  
  27  2:25  Warp Gate, Probe (Chrono Boost)  
  27  2:29  Probe (Chrono Boost)  
  28  2:33  Probe (Chrono Boost)  
  28  2:36  Probe (Chrono Boost)  
  30  2:40  Adept  
  34  2:45  Probe (Chrono Boost)  
  34  2:48  Oracle  
  34  2:49  Probe (Chrono Boost)  
  35  2:57  Probe (Chrono Boost)  
  39  3:02  Pylon  
  39  3:04  Probe (Chrono Boost)  
  40  3:07  Adept  
  40  3:09  Probe (Chrono Boost)  
  43  3:16  Probe (Chrono Boost)  
  43  3:19  Gateway  
  45  3:21  Probe (Chrono Boost)  
  46  3:27  Oracle  
  46  3:28  Probe (Chrono Boost)  
  46  3:33  Probe (Chrono Boost)  
  50  3:40  Probe (Chrono Boost)  
  51  3:45  Nexus  
  51  3:50  Pylon  
  51  3:53  Probe (Chrono Boost)  
  52  3:58  Probe (Chrono Boost)  
  52  3:59  Probe (Chrono Boost)  
  53  4:07  Probe (Chrono Boost)  
  53  4:08  Assimilator  
  53  4:09  Assimilator  
  56  4:10  Probe (Chrono Boost)  
  56  4:14  Phoenix  
  56  4:15  Shield Battery  
  58  4:19  Probe (Chrono Boost)  
  58  4:21  Twilight Council  
  58  4:23  Probe (Chrono Boost)  
  60  4:24  Forge  
  60  4:29  Protoss Ground Weapons Level 1  
  61  4:31  Probe (Chrono Boost)  
  61  4:35  Probe (Chrono Boost)  
  62  4:46  Pylon  
  62  4:47  Robotics Facility  
  62  4:59  Charge, Probe x2 (Chrono Boost)  
  65  5:00  Probe (Chrono Boost)  
  65  5:01  Sentry  
  65  5:04  Sentry  
  65  5:06  Probe (Chrono Boost)  
  69  5:07  Probe (Chrono Boost)  
  69  5:10  Assimilator  
  69  5:11  Assimilator, Probe (Chrono Boost)  
  69  5:13  Probe (Chrono Boost)  
  72  5:15  Probe (Chrono Boost)  
  74  5:23  Probe (Chrono Boost)  
  74  5:25  Probe (Chrono Boost)  
  74  5:27  Gateway, Probe (Chrono Boost), Pylon  
  77  5:30  Gateway, Sentry  
  77  5:31  Gateway  
  77  5:32  Sentry  
  77  5:35  Probe (Chrono Boost)  
  82  5:37  Probe (Chrono Boost)  
  82  5:38  Pylon  
  82  5:39  Probe (Chrono Boost)  
  82  5:42  Photon Cannon  
  84  5:44  Pylon  
  84  5:47  Probe (Chrono Boost)  
  84  5:49  Probe (Chrono Boost)  
  85  5:51  Observer  
  85  5:57  Photon Cannon  
  86  6:01  Pylon  
  86  6:02  Shield Battery  
  86  6:03  Photon Cannon  
  86  6:04  Immortal  
  86  6:07  Sentry x2  
  84  6:17  Shield Battery  
  86  6:19  Gateway  
  86  6:28  Adept  
  86  6:30  Adept x3  
Show
View Real Time Build Order
Export as new Build Order

Zanster Zerg - Winner!

Build Orders: Hatch First 

Get SALT Encoding   

  12  0:00  Drone  
  13  0:12  Overlord  
  13  0:16  Drone  
  14  0:31  Drone x2  
  16  0:36  Drone  
  17  0:52  Hatchery  
  17  0:55  Drone  
  17  0:58  Drone  
  18  1:09  Extractor  
  17  1:13  Spawning Pool  
  17  1:16  Drone  
  17  1:19  Drone  
  18  1:29  Drone  
  19  1:39  Drone  
  20  1:49  Overlord  
  20  2:00  Queen  
  22  2:04  Queen  
  22  2:05  Zergling x4  
  26  2:11  Metabolic Boost  
  26  2:13  Drone  
  26  2:15  Drone  
  28  2:22  Drone  
  29  2:26  Drone  
  30  2:34  Hatchery  
  30  2:36  Drone  
  30  2:39  Drone  
  31  2:47  Queen  
  31  2:48  Drone  
  34  2:52  Overlord  
  34  2:56  Drone  
  34  2:58  Drone  
  36  3:04  Overlord  
  36  3:15  Drone x3  
  36  3:18  Drone x2  
  41  3:20  Drone x3  
  41  3:24  Overlord  
  44  3:30  Spore Crawler x2  
  44  3:31  Drone  
  43  3:34  Queen  
  43  3:37  Drone  
  46  3:41  Overlord  
  46  3:51  Drone x5  
  51  3:59  Drone  
  51  4:00  Drone  
  51  4:01  Drone  
  54  4:05  Overlord  
  56  4:12  Pneumatized Carapace  
  56  4:15  Queen  
  56  4:16  Queen  
  58  4:19  Spore Crawler  
  58  4:20  Drone  
  58  4:21  Drone  
  58  4:22  Drone  
  58  4:23  Drone  
  61  4:25  Drone  
  61  4:26  Drone  
  61  4:28  Drone  
  61  4:31  Overlord  
  64  4:36  Baneling Nest  
  64  4:37  Evolution Chamber, Extractor  
  59  4:41  Drone x2  
  59  4:42  Drone  
  61  4:48  Zergling x6  
  61  4:49  Zergling x8  
  68  4:56  Overlord  
  68  5:04  Zergling x14  
  75  5:07  Overlord  
  75  5:23  Zergling x14  
  75  5:27  Overlord  
  82  5:29  Zergling x4  
  82  5:30  Zergling x6  
  82  5:31  Baneling x4  
  82  5:32  Overlord  
  82  5:34  Baneling x3  
  87  5:36  Queen  
  87  5:40  Baneling  
  89  5:43  Zergling x2  
  89  5:44  Queen  
  91  5:54  Zergling x10  
  96  6:09  Zergling x6  
  96  6:13  Zergling x2  
  96  6:14  Zergling x4  
  98  6:21  Baneling x3  
  98  6:27  Zergling x2  
  98  6:28  Zergling x4, Hatchery  
Tags
 
Add a new tag
Caveats
  • Supply blocks, unpowered buildings, or Contaminate may cause inaccurate times.
  • Supply counts are checked every 10 seconds.